 Dungeon Crawl Stone Soup version 0.26-a0-651-gb41185065b (webtiles) character file.

Game seed: 5383395591256715204

109 Lanoc the Charlatan (level 4, 0/39 HPs)
             Began as a Deep Dwarf Artificer on Oct 27, 2020.
             Was an Initiate of Ru.
             Killed from afar by an orc wizard (8 damage)
             ... with a magic dart
             ... on level 4 of the Dungeon.
             The game lasted 00:05:16 (1591 turns).

Lanoc the Charlatan (Deep Dwarf Artificer)          Turns: 1591, Time: 00:05:17

Health: 0/39       AC:  7    Str: 15 (16) XL:     4   Next: 59%
Magic:  4/4        EV: 12    Int: 11      God:    Ru [......]
Gold:   148        SH:  0    Dex: 13 (14) Spells: 3/3 levels left

rFire    . . .     SeeInvis .   a - +0 club
rCold    . . .     Faith    .   (no shield)
rNeg     . . .     Spirit   .   b - +0 leather armour
rPois    .         Reflect  .   i - +0 helmet
rElec    .         Harm     .   g - +0 cloak
rCorr    .         Rampage  .   (no gloves)
MR       .....                  m - +1 pair of boots
Stlth    ..........             (no amulet)
HPRegen  0.00/turn              j - ring of attention (curse)
MPRegen  0.09/turn              (no ring)

@: non-regenerating
A: damage resistance, heal wounds, hooves 1, deterioration 1, high mp 1, sense
surroundings 1, no regeneration
a: Heal Wounds, Renounce Religion


You were on level 4 of the Dungeon.
You worshipped Ru.
Ru was noncommittal.
You visited 2 branches of the dungeon, and saw 5 of its levels.

You collected 148 gold pieces.

Inventory:

Hand Weapons
 a - a +0 club (weapon)
Armour
 b - a +0 leather armour (worn)
 g - a +0 cloak (worn)
 i - a +0 helmet (worn)
 m - a +1 pair of boots (worn)
Jewellery
 j - a cursed ring of attention (left hand)
Wands
 c - a wand of flame (29)
 d - a wand of enslavement (9)
 e - a wand of random effects (11)
Scrolls
 f - 2 scrolls of identify
Potions
 h - a potion of heal wounds
 k - a potion of brilliance
 l - 4 potions of curing
 n - a potion of lignification


   Skills:
 + Level 1.9 Fighting
 + Level 3.0 Armour
 + Level 2.3 Dodging
 - Level 1.2 Stealth
 * Level 5.5 Evocations


You had 3 spell levels left.
You didn't know any spells.
Your spell library contained the following spells:

 Spells                   Type           Power        Failure   Level
 Animate Skeleton         Necr           #.....       41%         1
 Apportation              Tloc           #.....       41%         1
 Corona                   Hex            #......      41%         1
 Summon Small Mammal      Summ           #...         41%         1


Dungeon Overview and Level Annotations

Branches:
Dungeon (4/15)             Temple (1/1) D:4

Altars:
Cheibriados
Dithmenos
Makhleb
Nemelex Xobeh
Okawaru
Ru
Sif Muna
Trog
Uskayaw
Vehumet
Wu Jian
Xom
Yredelemnul
Zin
The Shining One

Annotations:
D:4 Eustachio


Innate Abilities, Weirdness & Mutations

You are resistant to damage.
You can heal yourself by infusing magical energy.
You passively map a small area around you.
You do not regenerate.
You have large cloven feet.
Your body sometimes deteriorates upon taking damage.
You have an increased reservoir of magic. (+10% MP)


Message History

The river rat misses you.
There is a stone staircase leading up here.
Evoke which item? (* to show all) (? for menu, Esc to quit)
Press: ? - help, Shift-Dir - straight line, f - worker ant, p - river rat
Aim: a worker ant (chance to defeat MR: 71%)
The worker ant is charmed.
The quokka disappears in a puff of smoke!
You hear some strange, mumbled words.
A puff of flame appears from out of thin air!
The puff of flame hits you!
* * * LOW HITPOINT WARNING * * *
The river rat barely misses you.
Evoke which item? (* to show all) (? for menu, Esc to quit)
Press: ? - help, Shift-Dir - straight line, f - Eustachio, p - worker ant
Aim: Eustachio, wielding a +0 falchion and wearing a +0 leather armour (lightly wounded, chance to defeat MR: 62%)
The river rat struggles to resist.
You hear some strange, mumbled words.
A magic dart appears from out of thin air!
The magic dart hits you!
You die...

#. #.# #.* #.# #.#*
#.# #..####.### * * *
#####.#...... ,
........##.####### *
, .............@.5.#
* .......###.##55ro#
* ........##.##.5{@#
#######.##r##..a##
#.##.######
#.##o######### #
#.#..........#
#######............#
.....o{#)...>.....$#
..@....#..)........#
.......#...........#*
*


You could see Eustachio, a river rat (summoned), a white imp (summoned,
expiring), 2 shadow imps, an orc, an ufetubus (summoned) and a friendly worker
ant (charmed).

Vanquished Creatures
  A hound (D:4)
  3 adders
  A worm (D:3)
  4 dart slugs
  2 leopard geckos
  An orc (D:4)
  2 ball pythons (D:2)
  4 bats
  A goblin (D:1)
  4 hobgoblins
  2 kobolds
  A jackal skeleton (D:4)
  7 rats
33 creatures vanquished.

Vanquished Creatures (collateral kills)
  An orc (D:4)
1 creature vanquished.

Vanquished Creatures (others)
  A hound (D:4)
  An orc wizard (D:4)
  13 plants (D:3)
15 creatures vanquished.

Grand Total: 49 creatures vanquished

Notes
Turn   | Place    | Note
-------+----------+-------------------------------------------
     0 | D:1      | Lanoc the Deep Dwarf Artificer began the quest for the Orb.
     0 | D:1      | Reached XP level 1. HP: 16/16 MP: 1/1
    21 | D:1      | Found a glowing golden altar of the Shining One.
    34 | D:1      | Reached skill level 1 in Fighting
   196 | D:1      | Reached XP level 2. HP: 16/25 MP: 2/2
   418 | D:2      | Reached XP level 3. HP: 21/31 MP: 3/3
   632 | D:3      | Reached skill level 5 in Evocations
   735 | D:3      | Found an ornate altar of the Wu Jian Council.
  1260 | D:4      | Reached XP level 4. HP: 19/39 MP: 4/4
  1264 | D:4      | Gained mutation: Your body sometimes deteriorates upon
                  | taking damage. [potion of mutation]
  1264 | D:4      | Gained mutation: You have an increased reservoir of magic.
                  | (+10% MP) [potion of mutation]
  1264 | D:4      | Gained mutation: You have large cloven feet. [potion of
                  | mutation]
  1300 | D:4      | Found a staircase to the Ecumenical Temple.
  1317 | Temple   | Entered the Ecumenical Temple
  1417 | Temple   | Became a worshipper of Ru the Awakened
  1508 | D:4      | Noticed Eustachio
  1591 | D:4      | Killed from afar by an orc wizard

Illustrated notes

Levels and vault maps discovered:
D:1:      wander_arrival_chamber, layout_loops_corners, tso_metal_star
D:2:      layout_loops_ring, hex_medium
D:3:      layout_basic, old_standard_altar, kennysheep_boxes
D:4:      layout_basic, minmay_temple_entry_offerings, portal_sewer_entry_f,
          lemuel_blue_sif_altar, uniq_eustachio
Temple:   jpeg_temple_clearing

Skill      XL: |  1  2  3  4 |
---------------+-------------+-----
Fighting       | 1 |  1.9
Evocations     | 5 |  5.5
Dodging        | 2 |  2.3
Armour         | 3 |  3.0
Stealth        | |  1.2

Action                   |  1- 3 |  4- 6 || total
-------------------------+-------+-------++-------
Melee: Club              |   178 |    23 ||   201
       Kick              |       |     1 ||     1
Evoke: Wand              |     6 |     6 ||    12
  Use: Potion            |     4 |     2 ||     6
       Scroll            |       |     5 ||     5
 Stab: Sleeping          |     1 |       ||     1
       Paralysed         |    12 |       ||    12
       Invisible         |     2 |       ||     2
Armor: Leather armour    |    66 |    18 ||    84
Dodge: Dodged            |   125 |    36 ||   161

Table legend: (Time is in decaauts)
 A = Elapsed time spent in this place.
 B = Non-inter-level travel time spent in this place.
 C = Inter-level travel time spent in this place.
 D = Time resting spent in this place.
 E = Time spent auto-exploring this place.
 F = Levels seen in this place.
 G = Mean time per level.
                   A        B        C        D        E       F      G
               +--------+--------+--------+--------+--------+-----+--------+
         Total |   1651 |   1605 |     46 |      0 |    950 |   5 |  330.2 |
       Dungeon |   1532 |   1508 |     24 |      0 |    856 |   4 |  383.0 |
        Temple |    118 |     96 |     22 |      0 |     94 |   1 |  118.0 |
               +--------+--------+--------+--------+--------+-----+--------+

Top non-repeatable levels by time:
     D:3: 713 daAuts
     D:2: 303 daAuts
     D:1: 285 daAuts
     D:4: 230 daAuts
  Temple: 118 daAuts
